 Dungeon Crawl Stone Soup version 0.23-a0-396-g5214e5f (webtiles) character file.

47 rabbitfr the Shield-Bearer (level 3, -2/30 HPs)
             Began as a Formicid Fighter on Nov 2, 2018.
             Slain by a killer bee (4 damage)
             ... on level 5 of the Dungeon.
             The game lasted 00:03:54 (1413 turns).

rabbitfr the Shield-Bearer (Formicid Fighter)       Turns: 1413, Time: 00:03:54

Health: -2/30      AC:  9    Str: 21    XL:     3   Next: 97%
Magic:  3/3        EV:  8    Int:  7    God:
Gold:   131        SH:  9    Dex: 10    Spells: 2/2 levels left

rFire    . . .     SeeInvis +   a - +0 flail
rCold    . . .     Gourm    .   c - +0 shield
rNeg     . . .     Faith    .   j - +0 scale mail
rPois    .         Spirit   .   (helmet unavailable)
rElec    .         Reflect  .   h - +0 cloak
rCorr    .         Harm     .   (no gloves)
MR       .....                  o - +0 pair of boots
Stlth    ..........             (no amulet)
HPRegen  0.10/turn              (no ring)
MPRegen  0.08/turn              (no ring)

@: lethally poisoned (-2 -> -8)
A: permanent stasis, dig shafts and tunnels, four strong arms, antennae 3
a: Dig, Shaft Self


You were on level 5 of the Dungeon.
You were not hungry.

You visited 1 branch of the dungeon, and saw 4 of its levels.

You collected 131 gold pieces.

Inventory:

Hand Weapons
 a - a +0 flail (weapon)
 b - a +0 hunting sling
 g - a +0 spear
 p - a +0 hunting sling
Missiles
 e - 46 stones (quivered)
 i - 36 sling bullets
Armour
 c - a +0 shield (worn)
 h - a +0 cloak (worn)
 j - a +0 scale mail (worn)
 o - a +0 pair of boots (worn)
Scrolls
 n - 2 scrolls of immolation {unknown}
 q - a scroll of identify {unknown}
 r - 2 scrolls of enchant weapon {unknown}
 s - a scroll of fear {unknown}
 u - a scroll of blinking {unknown}
Potions
 d - a potion of might
 k - a potion of lignification {unknown}
 l - 2 potions of agility {unknown}
 m - a potion of resistance {unknown}
 t - a potion of mutation {unknown}
Comestibles
 f - 4 rations


   Skills:
 + Level 3.7 Fighting
 * Level 2.9 Maces & Flails
 + Level 3.7 Armour
 + Level 4.0 Shields


You had 2 spell levels left.
You didn't know any spells.
Your spell library was empty.

Dungeon Overview and Level Annotations

Branches:
Dungeon (5/15)
 Temple: D:4-7

Altars:


Innate Abilities, Weirdness & Mutations

You cannot be hasted, slowed, berserked, paralysed or teleported.
You can dig through walls and to a lower floor.
Your four strong arms can wield two-handed weapons with a shield.
You have a pair of large antennae on your head. (SInv)


Message History

You are too injured to fight recklessly!
You are too injured to fight recklessly!
You are too injured to fight recklessly!
You are too injured to fight recklessly!
You are too injured to fight recklessly!
You are too injured to fight recklessly!
You are too injured to fight recklessly!
You are too injured to fight recklessly!
You are too injured to fight recklessly!
You miss the adder.
You feel sick. You block the killer bee's attack. The killer bee stings you!
* * * LOW HITPOINT WARNING * * *
You block the adder's attack. The killer bee barely misses you.
The killer bee stings you.
* * * LOW HITPOINT WARNING * * *
You block the adder's attack.
The killer bee stings you but does no damage. x2
You barely miss the adder. The killer bee barely misses you. x2
You block the adder's attack. The killer bee stings you.
You die...

.# .# ##.##
#...# #...
.## #..
.....##S###.#
......y@....#
.###.##y#####
#.# #.# #.#
..# ###


You could see 2 killer bees and an adder.

Vanquished Creatures
  An adder (D:2)
  An ooze (D:1)
  A leopard gecko (D:4)
  An orc (D:4)
  A giant cockroach (D:1)
  3 goblins (D:1)
  4 hobgoblins
  2 jackals (D:2)
  5 kobolds
  3 bats
  2 frilled lizards
  5 rats
29 creatures vanquished.

Notes
Turn   | Place    | Note
-------+----------+-------------------------------------------
     0 | D:1      | rabbitfr the Formicid Fighter began the quest for the Orb.
     0 | D:1      | Reached XP level 1. HP: 18/18 MP: 1/1
   371 | D:1      | Reached XP level 2. HP: 9/24 MP: 2/2
   976 | D:2      | Reached XP level 3. HP: 29/29 MP: 3/3
  1148 | D:2      | Reached skill level 4 in Shields
  1385 | D:2      | You fall through a shaft for 2 floors!
  1393 | D:4      | Noticed a killer bee
  1393 | D:4      | Noticed a killer bee
  1393 | D:4      | Noticed a killer bee
  1393 | D:4      | Noticed a killer bee
  1393 | D:4      | Noticed a killer bee
  1404 | D:4      | Noticed a killer bee
  1411 | D:5      | Entered Level 5 of the Dungeon
  1413 | D:5      | Slain by a killer bee

Vault maps used:
D:1:      minmay_arrival_widening_spiral_wide
D:2:      first_ration
D:5:      elyvilon_altar_5, nicolae_ru_great_annihilating_truth,
          minmay_temple_entry_statues, serial_shops,
          nicolae_shop_temple_entry_statues_fountains, uniq_prince_ribbit1

Skill      XL: |  1  2  3 |
---------------+----------+-----
Shields        | 4 |  4.0
Fighting       | |  3.7
Maces & Flails | |  2.9
Armour         | |  3.7

Action                   || total
-------------------------++-------
Melee: Flail             ||   124
  Use: Scroll            ||     1
  Eat: Chunk             ||     2
Armor: Scale mail        ||    71
Dodge: Dodged            ||    47
Block: Shield            ||    77

Table legend:
 A = Non-vault XP
 B = Vault XP
 C = Vault XP percentage of total XP
 D = Non-vault monster count
 E = Vault monster count
 F = Vault count percentage of total count
                 A         B        C        D         E       F
            +---------+---------+-------+---------+---------+-------
      Total |      68 |       0 |   0.0 |      29 |       0 |   0.0
            +---------+---------+-------+---------+---------+-------
        D:1 |      28 |       0 |   0.0 |      15 |       0 |   0.0
        D:2 |      34 |       0 |   0.0 |      12 |       0 |   0.0
        D:4 |       6 |       0 |   0.0 |       2 |       0 |   0.0
            +---------+---------+-------+---------+---------+-------
